 Dungeon Crawl Stone Soup version 0.30.1-4-g462c640d31 (webtiles) character file.

Game seed: 899228003373499667

91 Peloso the Covered (level 4, -3/40 HPs)
             Began as a Minotaur Fighter on Sept 13, 2023.
             Killed from afar by an orc wizard (10 damage)
             ... with a magic dart
             ... on level 2 of the Dungeon.
             The game lasted 00:02:03 (954 turns).

Peloso the Covered (Minotaur Fighter)                Turns: 954, Time: 00:02:04

Health: -3/40      AC:  7    Str: 20    XL:     4   Next: 33%
Magic:  3/3        EV:  9    Int:  5    God:
Gold:   88         SH:  5    Dex: 12    Spells: 3/3 levels left

rFire   . . .        a - +0 long sword
rCold   . . .        c - +0 buckler
rNeg    . . .        b - +0 scale mail
rPois   .            (helmet restricted)
rElec   .            (no cloak)
rCorr   .            (no gloves)
SInv    .            (no boots)
Will    .....        (no amulet) Stlth
                     (no ring)
HPRegen 0.26/turn    (no ring)
MPRegen 0.08/turn

%: no passive effects
@: no status effects
A: horns 2, retaliatory headbutt
a: no special abilities


You were on level 2 of the Dungeon.
You visited 1 branch of the dungeon, and saw 2 of its levels.

You collected 88 gold pieces.

Inventory:

Hand Weapons
 a - a +0 long sword (weapon)
Armour
 b - a +0 scale mail (worn)
 c - a +0 buckler (worn)
Scrolls
 g - 2 scrolls of identify {unknown}
Potions
 d - a potion of might
 e - a potion of lignification {unknown}
 f - a potion of magic
 h - a potion of flight {unknown}


   Skills:
 + Level 4.1 Fighting
 + Level 4.1 Long Blades
 + Level 4.4 Armour
 + Level 0.2 Dodging
 + Level 4.1 Shields


You had 3 spell levels left.
You didn't know any spells.
Your spell library contained the following spells:

 Spells                   Type           Power      Damage    Failure   Level
 Magic Dart               Conj           0%         1d3       87%         1
 Summon Small Mammal      Summ           0%         N/A       87%         1
 Call Imp                 Summ           0%         N/A       95%         2
 Call Canine Familiar     Summ           0%         N/A       99%         3
 Mephitic Cloud           Conj/Pois/Air  0%         N/A       99%         3
 Summon Guardian Golem    Hex/Summ       0%         N/A       99%         3


Dungeon Overview and Level Annotations

Branches:
Dungeon (2/15)

Altars:


Innate Abilities, Weirdness & Mutations

You have a pair of horns on your head.
You reflexively headbutt those who attack you in melee.


Message History

You bump into the rock wall.
Something hits you.
* * * LOW HITPOINT WARNING * * *
You bump into the rock wall.
You feel less confused.
Something closely misses the bat.
You hit something. You miss something. Your headbutt misses something.
Something hits the bat.
Something hits you.
* * * LOW HITPOINT WARNING * * *
You hit something. Your headbutt misses something.
Something completely misses you.
Unknown command.
You barely miss something. You headbutt something!
Something hits you but does no damage. Something hits you.
* * * LOW HITPOINT WARNING * * *
You miss something. Something hits you.
* * * LOW HITPOINT WARNING * * *
Okay, then.
You hit something. Your headbutt misses something.
Something hits you but does no damage.
Unknown command.
You hit something. You block something's attack.
Reactivating autopickup.
You feel a bit more experienced.
Your Long Blades skill increases to level 4!
You have reached level 4!
You feel agile. The bat hits you but does no damage.
Unknown command.
You hit the bat.
You kill the bat!
Deactivating autopickup; reactivate with Ctrl-A.
You hit something but do no damage. Something hits you but does no damage.
You slash something! Something hits you but does no damage.
You closely miss something. Your headbutt misses something. Something hits you.
* * * LOW HITPOINT WARNING * * *
You hear some strange, mumbled words.
A magic dart appears from out of thin air!
The magic dart hits you!
You die...

####.##.#####.#
####..).......#
.....#...######
......).....#
####.#...##.#### ####
####...........#.##..
.................##.#
#####..#.......####.###.#
# #...........@{)))...# #
##.#.).....####.#####
######.#.......# #.#
...............# #.#
######.######### #.#
#.####### #.# #.......#
#.# #######.# #.#
#.######)#


There were no monsters in sight!

Vanquished Creatures
  An orc priest (D:2)
  2 dart slugs
  An orc (D:2)
  2 bats
  An endoplasm (D:1)
  2 giant cockroaches
  A hobgoblin (D:1)
  4 jackals (D:1)
  A kobold (D:2)
  3 quokkas (D:1)
  3 ball pythons
  5 frilled lizards
  3 goblins
  A rat (D:1)
30 creatures vanquished.

Vanquished Creatures (others)
  An orc wizard (D:2)
1 creature vanquished.

Grand Total: 31 creatures vanquished

Notes
Turn   | Place    | Note
-------+----------+-------------------------------------------
     0 | D:1      | Peloso the Minotaur Fighter began the quest for the Orb.
     0 | D:1      | Reached XP level 1. HP: 19/19 MP: 0/0
   141 | D:1      | Reached XP level 2. HP: 27/27 MP: 1/1
   826 | D:2      | Reached XP level 3. HP: 33/33 MP: 2/2
   950 | D:2      | Reached XP level 4. HP: 7/40 MP: 3/3
   954 | D:2      | Killed from afar by an orc wizard

Illustrated notes

Levels and vault maps discovered:
D:1:      spicycebolla_green_bress_n_ham_2, layout_loops_ring, serial_rivers,
          chequers_serial_rivers_micro_b, chequers_serial_rivers_small_3,
          chequers_serial_rivers_marsh, chequers_serial_rivers_marsh
D:2:      layout_loops_ring

Skill      XL: |  1  2  3 |
---------------+----------+-----
Fighting       | 4 |  4.1
Long Blades    | 3 4 |  4.1
Armour         | 4 |  4.4
Shields        | 4 |  4.1
Dodging        | |  0.2

Action                     |  1- 3 |  4- 6 || total
---------------------------+-------+-------++-------
  Melee: Long sword        |    74 |     4 ||    78
         Headbutt          |     9 |       ||     9
    Use: Potion            |     3 |       ||     3
 Armour: Scale mail        |    51 |     3 ||    54
  Dodge: Dodged            |    25 |       ||    25
  Block: Buckler           |    14 |       ||    14
